 Dungeon Crawl Stone Soup version 0.31-a0-460-g9e667d4245 (webtiles) character file.

Game seed: 14223754418656934122

1113 Gelion the Changeling (level 8, 0/81 HPs)
             Began as an Octopode Shapeshifter on Aug 5, 2023.
             Was an Initiate of Gozag.
             Killed from afar by a lava snake (7 damage)
             ... with a glob of lava
             ... on level 7 of the Dungeon.
             The game lasted 00:06:27 (4489 turns).

Gelion the Changeling (Octopode Shapeshifter)       Turns: 4489, Time: 00:06:28

Health: 0/81       AC: 28    Str: 15    XL:     8   Next: 33%
Magic:  0/8        EV:  2    Int: 14    God:    Gozag
Gold:   273        SH:  0    Dex: 14    Spells: 7/7 levels left

rFire   . . .        g - +9 whip of Xeuj {vamp, Int+4 Stlth+}
rCold   . . .        (no shield)
rNeg    . . .        (helmet currently unavailable)
rPois   +            m - amulet of guardian spirit
rElec   .            c - +4 ring of protection
rCorr   .            (no ring)
SInv    .            (no ring)
Will    .....        (no ring)
Stlth   ++           (no ring)
HPRegen 0.33/turn    (no ring)
MPRegen 0.11/turn    (no ring)
                     (no ring)

%: guardian spirit
@: tree-form
A: stationary, stasis, torment immunity, boosted hp, almost no armour,
(amphibious), 8 rings, (camouflage 1), (gelatinous body 1), (nimble swimmer 1),
(tentacles)
a: Renounce Religion, Potion Petition, Call Merchant, Bribe Branch


You were on level 7 of the Dungeon.
You worshipped Gozag.
Gozag was aware of your devotion.
You were a tree.
You visited 1 branch of the dungeon, and saw 7 of its levels.

You collected 364 gold pieces.
You paid 91 gold pieces to Gozag.

Inventory:

Hand Weapons
 g - the +9 whip of Xeuj (weapon) {vamp, Int+4 Stlth+}
   (You found it on level 2 of the Dungeon)

   Int:       It affects your intelligence (+4).
   Stlth:     It makes you more stealthy.
Jewellery
 c - a +4 ring of protection (left branch)
 m - an amulet of guardian spirit (around neck)
Talismans
 b - a beast talisman
Scrolls
 f - a scroll of revelation
 l - 3 scrolls of amnesia
 q - a scroll of noise {unknown}
 r - a scroll of identify
 s - a scroll of teleportation {unknown}
Potions
 d - a potion of ambrosia {unknown}
 e - 6 potions of attraction
 h - 3 potions of invisibility {unknown}
 i - 2 potions of curing {unknown}
 j - a potion of magic
 k - 2 potions of resistance
 n - 3 potions of enlightenment {unknown}
 o - 2 potions of heal wounds {unknown}
 p - a potion of cancellation {unknown}


   Skills:
 + Level 4.7 Fighting
 - Level 2.0 Dodging
 + Level 5.6 Unarmed Combat
 * Level 6.4 Shapeshifting


You had 7 spell levels left.
You didn't know any spells.
Your spell library contained the following spells:

 Spells                   Type           Power      Damage    Failure   Level
 Summon Small Mammal      Summ           0%         N/A       28%         1
 Ensorcelled Hibernation  Hex/Ice        0%         N/A       41%         2
 Passwall                 Tmut/Erth      0%         N/A       41%         2
 Call Canine Familiar     Summ           0%         N/A       65%         3
 Stone Arrow              Conj/Erth      0%         3d7       65%         3
 Summon Guardian Golem    Hex/Summ       0%         N/A       65%         3
 Swiftness                Air            0%         N/A       65%         3
 Lehudib's Crystal Spear  Conj/Erth      0%         10d2      100%        8
 Animate Armour           Summ/Erth      Unusable   N/A       N/A         4

Dungeon Overview and Level Annotations

Branches:
Dungeon (7/15)
 Temple: D:4-7

Altars:
Gozag
Uskayaw
Xom
Zin

Annotations:
D:6 2 runed translucent doors, bakla's ghost, novice DgSh


Innate Abilities, Weirdness & Mutations

You are a tree.
Your roots penetrate the ground, keeping you stationary.
You cannot be teleported.
You are immune to unholy pain and torment.
Your maximum health is greatly increased.
You cannot wear most types of armour.
((You are amphibious.))
You can wear up to eight rings at the same time.
((Your skin changes colour to match your surroundings (Stealth+).))
((Your rubbery body absorbs attacks. (AC +1, EV +1)))
((You are camouflaged when in or above water. (Stealth+)))
((You have tentacles for arms and can constrict up to eight enemies at once.))


Message History

Your transformation has ended.
You turn into a tree.
Your roots penetrate the ground.
The wyvern bites you but does no damage.
The lava snake bites you but does no damage.
You closely miss the lava snake.
The wyvern bites you but does no damage.
The lava snake bites you but does no damage.
The wyvern bites you but does no damage.
Unknown command.
You miss the lava snake. The wyvern bites you! The lava snake bites you.
You are engulfed in flames.
* * * LOW HITPOINT WARNING * * *
Unknown command.
You hit the lava snake.
The lava snake is lightly wounded.
The wyvern bites you.
* * * LOW HITPOINT WARNING * * *
The lava snake spits lava at you. The glob of lava hits you!
* * * LOW HITPOINT WARNING * * *
The wyvern bites you but does no damage.
You hit the lava snake.
You feel better.
The lava snake is heavily wounded.
The wyvern bites you but does no damage.
The lava snake spits lava at you.
The glob of lava hits you but does no damage.
The wyvern bites you.
* * * LOW HITPOINT WARNING * * *
You closely miss the lava snake.
The lava snake is heavily wounded.
The lava snake completely misses you. The wyvern barely misses you.
The lava snake barely misses you.
Unknown command.
You barely miss the lava snake.
The lava snake is heavily wounded.
The wyvern bites you but does no damage. x2
The lava snake spits lava at you. The glob of lava hits you!
You die...
Your body crumbles into a pile of gold.

###### ≈≈≈≈≈§#
§...≈≈≈## .≈.§.≈≈≈##
..≈...≈§§## ##
.≈.≈.≈.lS≈## .#
§.⌠.§..♣≈≈§## ##
§≈.≈.≈$≈.§≈≈#
$..§§§.§...§≈#
.≈.≈§≈.≈.≈.≈.≈#
⌠.≈.§§§!⌠.≈..≈#
≈.§.≈§≈§§.§.≈.≈.≈# ##
§.§≈.§.§.§.§§§.≈≈# .#
§§.§.≈.≈.§.≈§§.≈≈§#
.##≈≈§...§.⌠§≈§..§§≈##


You could see a wyvern and a lava snake (catching breath).

Vanquished Creatures
  A water moccasin (D:7)
  Duvessa (D:5)
  A centaur (D:6)
  A phantom (D:6)
  A bullfrog (D:6)
  3 scorpions
  Dowan (D:5)
  2 hounds
  2 jellies
  A lava snake (D:7)
  Crazy Yiuf (D:5)
  A sleepcap (D:6)
  Jessica (D:3)
  2 iguanas
  Natasha (thrice) (D:2)
  4 adders
  A white imp (D:5)
  2 worms
  3 dart slugs
  9 orcs
  2 endoplasms
  6 giant cockroaches
  7 goblins
  2 hobgoblins (D:1)
  2 jackals (D:4)
  7 kobolds
  3 quokkas
  A ball python (D:1)
  3 bats
  5 frilled lizards
  2 rats
81 creatures vanquished.

Notes
Turn   | Place    | Note
-------+----------+-------------------------------------------
     0 | D:1      | Gelion the Octopode Shapeshifter began the quest for the
                  | Orb.
     0 | D:1      | Reached XP level 1. HP: 13/13 MP: 1/1
   282 | D:1      | Reached XP level 2. HP: 16/18 MP: 2/2
   415 | D:1      | Found a faded altar of an unknown god.
   857 | D:2      | Reached XP level 3. HP: 23/23 MP: 3/3
  1035 | D:2      | Noticed Natasha
  1036 | D:2      | Identified the +9 whip of Xeuj {vamp, Int+4 Stlth+}
  1044 | D:2      | Killed Natasha
  1045 | D:2      | Reached XP level 4. HP: 29/29 MP: 4/4
  1178 | D:2      | Noticed Natasha
  1336 | D:2      | Killed Natasha
  1415 | D:2      | Noticed Natasha
  1435 | D:2      | Killed Natasha
  1436 | D:2      | Reached skill level 4 in Shapeshifting
  1436 | D:2      | Reached XP level 5. HP: 35/35 MP: 5/5
  1757 | D:3      | Found a shimmering altar of Xom.
  1758 | D:3      | Noticed Jessica
  1761 | D:3      | Killed Jessica
  2444 | D:4      | Reached XP level 6. HP: 41/41 MP: 6/6
  2757 | D:5      | Entered Level 5 of the Dungeon
  2774 | D:5      | Noticed Dowan
  2775 | D:5      | Noticed Duvessa
  2793 | D:5      | Killed Duvessa
  2796 | D:5      | Killed Dowan
  2797 | D:5      | Reached skill level 5 in Shapeshifting
  2861 | D:5      | Found a glowing silver altar of Zin.
  2887 | D:5      | Reached XP level 7. HP: 39/46 MP: 7/7
  3103 | D:5      | Found a runed translucent door.
  3104 | D:5      | Noticed Crazy Yiuf
  3143 | D:5      | Found a hide-covered altar of Uskayaw.
  3182 | D:5      | Killed Crazy Yiuf
  3419 | D:6      | Reached skill level 5 in Unarmed Combat
  3508 | D:6      | Found a runed translucent door.
  3509 | D:6      | Noticed bakla's ghost (novice DgSh)
  3674 | D:6      | Found an opulent altar of Gozag.
  3676 | D:6      | Identified the +1 plate armour of Kindness {rC+ Str+4}
  3682 | D:6      | Became a worshipper of Gozag Ym Sagoz the Greedy
  3785 | D:6      | Reached skill level 6 in Shapeshifting
  3785 | D:6      | Reached XP level 8. HP: 54/54 MP: 6/8
  3883 | D:6      | Found a runed translucent door.
  4478 | D:7      | Noticed a wyvern
  4489 | D:7      | Killed from afar by a lava snake

Illustrated notes

Levels and vault maps discovered:
D:1:      evilmike_arrival_crescent, layout_basic,
          shapermc_ecumenical_altar_hornbeckon, kennysheep_pointless_box
D:2:      layout_loops_ring, minmay_worlds_worst_comb, uniq_natasha
D:3:      layout_loops_ring, lemuel_crystal_altar, uniq_jessica
D:4:      layout_rooms
D:5:      layout_cave_pools, mainiacjoe_overflow_six_doors_small,
          mainiacjoe_overflow_alcove_4, uniq_duvessa, uniq_crazy_yiuf_cottage
D:6:      layout_loops_ring, marbit_many_paths, ebering_ghost_sewer_f
D:7:      layout_loops_ring, nicolae_qazlal_scattered_showers,
          lemuel_tele_altar, minmay_temple_entry_water_ring,
          kennysheep_cluttered_room, uniq_menkaure

Skill      XL: |  1  2  3  4  5  6  7 |
---------------+----------------------+-----
Fighting       | 2 3 4 |  4.7
Shapeshifting  | 4 5 6 |  6.4
Unarmed Combat | 4 5 |  5.6
Dodging        | |  2.0

Action                     |  1- 3 |  4- 6 |  7- 9 || total
---------------------------+-------+-------+-------++-------
  Melee: Unarmed           |    49 |       |       ||    49
         Constrict         |    11 |    14 |    13 ||    38
         Tentacles         |     9 |    14 |    13 ||    36
         Whip              |       |    56 |    50 ||   106
         Punch             |       |     4 |     7 ||    11
    Use: Scroll            |     4 |     6 |       ||    10
         Potion            |       |       |     1 ||     1
   Stab: Sleeping          |     7 |     8 |     4 ||    19
 Armour: Skin              |     8 |     5 |    18 ||    31
  Dodge: Dodged            |    25 |    22 |    21 ||    68

Table legend: (Time is in decaauts)
 A = Elapsed time spent in this place.
 B = Non-inter-level travel time spent in this place.
 C = Inter-level travel time spent in this place.
 D = Time resting spent in this place.
 E = Time spent auto-exploring this place.
 F = Levels seen in this place.
 G = Mean time per level.
                   A        B        C        D        E       F      G
               +--------+--------+--------+--------+--------+-----+--------+
         Total |   4493 |   4325 |    168 |    143 |   3555 |   7 |  641.9 |
       Dungeon |   4493 |   4325 |    168 |    143 |   3555 |   7 |  641.9 |
               +--------+--------+--------+--------+--------+-----+--------+

Top non-repeatable levels by time:
     D:6: 801 daAuts
     D:1: 778 daAuts
     D:2: 671 daAuts
     D:4: 662 daAuts
     D:3: 644 daAuts
     D:5: 642 daAuts
     D:7: 292 daAuts
